Map: Goldenaura LE

Players

SubN - Winner!

  • Race: Zerg Zerg
  • League: Diamond
  • Spawn Location: 12:00

GingerNinja

  • Race: Protoss Protoss
  • League: Diamond
  • Spawn Location: 5:00

VOD

Have the link to the VOD?

Description

Time

  • Played on: Jan. 20, 2024, 3:49 p.m.
  • Length: 10:05
Show
View Real Time Build Order
Export as new Build Order

SubN Zerg - Winner!

Build Orders: Pool First 

Get SALT Encoding   

  12  0:00  Drone  
  13  0:12  Overlord  
  13  0:17  Drone  
  14  0:30  Drone x2  
  16  0:36  Drone  
  17  0:44  Extractor  
  17  0:47  Spawning Pool  
  15  0:51  Drone  
  16  1:13  Hatchery  
  16  1:18  Drone  
  16  1:22  Drone  
  18  1:25  Drone  
  18  1:34  Overlord  
  18  1:46  Queen  
  20  1:51  Drone  
  21  1:57  Metabolic Boost  
  21  2:01  Drone  
  21  2:04  Drone  
  23  2:11  Drone  
  24  2:23  Queen  
  26  2:33  Drone  
  26  2:35  Zergling x4  
  29  2:42  Zergling x2  
  29  2:43  Queen  
  32  2:45  Zergling x2  
  32  2:47  Zergling x2  
  34  2:58  Zergling x4  
  36  3:05  Overlord  
  36  3:11  Overlord  
  36  3:23  Queen  
  35  3:44  Zergling x2  
  35  3:45  Zergling x10  
  40  3:57  Drone x2  
  41  4:13  Hatchery  
  33  4:36  Drone x7  
  33  4:37  Drone x3  
  43  4:43  Queen  
  43  4:45  Overlord x2  
  44  4:48  Lair  
  44  5:00  Drone, Overlord, Extractor  
  44  5:05  Drone x2  
  46  5:07  Extractor  
  46  5:13  Drone x4  
  49  5:17  Drone x4, Extractor  
  52  5:22  Queen  
  52  5:24  Roach Warren  
  53  5:28  Queen  
  53  5:31  Drone  
  53  5:33  Drone  
  53  5:34  Drone  
  58  5:41  Drone x4  
  62  5:52  Drone x3  
  62  5:53  Drone  
  62  5:54  Drone  
  67  6:04  Drone x5, Queen  
  67  6:10  Overlord  
  74  6:16  Overlord  
  74  6:19  Spire  
  74  6:20  Drone  
  74  6:23  Overlord  
  74  6:24  Overlord  
  74  6:30  Spore Crawler  
  73  6:37  Roach  
  73  6:38  Roach x5  
  73  6:39  Roach  
  87  6:46  Extractor x2  
  85  6:51  Drone x7  
  92  6:59  Drone x2  
  94  7:03  Drone  
  94  7:05  Overseer, Evolution Chamber x2  
  94  7:06  Baneling Nest  
  92  7:15  Ravager x2  
  94  7:18  Ravager x3  
  94  7:19  Overlord x2  
  94  7:20  Overlord x2  
  94  7:21  Overseer  
  97  7:30  Zergling x2  
  97  7:31  Zergling x16  
  97  7:34  Zerg Flyer Weapons Level 1  
  106  7:38  Overlord x2  
  106  7:39  Mutalisk x2  
  106  7:41  Overseer  
  110  7:47  Hatchery  
  109  7:57  Zerg Melee Weapons Level 1  
  109  7:58  Zerg Missile Weapons Level 1  
  109  7:59  Centrifugal Hooks  
  109  8:00  Glial Reconstitution  
  109  8:03  Mutalisk  
  109  8:04  Mutalisk x2  
  115  8:13  Mutalisk x4  
  123  8:26  Mutalisk x3  
  129  8:32  Baneling  
  129  8:33  Baneling x5  
  129  8:43  Drone x8  
  129  8:44  Drone x7  
  129  8:45  Drone  
  145  9:01  Mutalisk  
  145  9:02  Mutalisk x3  
  153  9:04  Zergling x4  
  153  9:05  Zergling x8  
  153  9:06  Baneling  
  153  9:07  Baneling x5  
  159  9:10  Drone  
  159  9:13  Extractor  
  159  9:14  Zergling x2  
  159  9:16  Overlord x3  
  160  9:26  Queen  
Show
View Real Time Build Order
Export as new Build Order

GingerNinja Protoss 

Build Orders: 1 Gate Expand 

Get SALT Encoding   

  12  0:00  Probe (Chrono Boost)  
  13  0:10  Probe (Chrono Boost)  
  14  0:16  Probe  
  15  0:22  Pylon  
  15  0:40  Probe, Assimilator  
  16  0:46  Gateway  
  16  0:53  Probe  
  17  1:05  Probe  
  18  1:17  Probe  
  19  1:20  Assimilator  
  19  1:29  Nexus  
  19  1:38  Cybernetics Core  
  19  1:44  Probe  
  20  1:50  Pylon  
  20  1:56  Zealot  
  23  2:08  Probe  
  23  2:10  Warp Gate (Chrono Boost)  
  23  2:13  Forge  
  23  2:35  Pylon  
  23  2:36  Stalker  
  24  2:41  Probe (Chrono Boost)  
  26  2:49  Probe (Chrono Boost)  
  26  2:50  Probe (Chrono Boost)  
  27  2:53  Stargate  
  27  2:55  Probe (Chrono Boost)  
  28  3:13  Photon Cannon  
  28  3:15  Photon Cannon  
  28  3:19  Photon Cannon  
  26  3:41  Void Ray (Chrono Boost)  
  26  3:46  Stalker  
  26  4:18  Stalker  
  26  4:19  Photon Cannon  
  26  4:21  Photon Cannon  
  26  4:36  Probe (Chrono Boost)  
  26  4:46  Probe (Chrono Boost)  
  26  4:47  Probe (Chrono Boost)  
  27  4:55  Probe x2 (Chrono Boost)  
  28  5:00  Probe (Chrono Boost)  
  28  5:06  Protoss Air Weapons Level 1 (Chrono Boost)  
  29  5:11  Probe (Chrono Boost)  
  30  5:23  Probe x2 (Chrono Boost)  
  32  5:31  Probe (Chrono Boost)  
  32  5:32  Probe (Chrono Boost)  
  34  5:36  Probe (Chrono Boost), Robotics Facility  
  34  5:38  Probe  
  34  5:42  Pylon  
  36  5:48  Probe  
  37  5:50  Probe  
  37  5:54  Protoss Shields Level 1  
  38  6:00  Probe  
  39  6:09  Zealot  
  41  6:12  Probe  
  41  6:13  Shield Battery  
  41  6:15  Photon Cannon x2  
  41  6:17  Shield Battery  
  42  6:20  Pylon  
  42  6:24  Probe  
  43  6:27  Pylon  
  43  6:28  Assimilator  
  43  6:32  Assimilator, Zealot  
  45  6:36  Probe  
  45  6:39  Void Ray (Chrono Boost)  
  51  6:42  Observer  
  51  7:07  Oracle  
  51  7:08  Probe  
  55  7:20  Probe  
  56  7:26  Protoss Air Armor Level 1 (Chrono Boost)  
  56  7:27  Observer  
  56  7:29  Zealot  
  59  7:32  Probe  
  60  7:44  Probe  
  61  7:56  Probe  
  65  8:18  Stargate, Void Ray (Chrono Boost)  
  63  8:39  Immortal (Chrono Boost)  
  64  8:52  Void Ray (Chrono Boost)  
  68  8:58  Nexus  
  68  9:01  Assimilator  
  68  9:04  Zealot  
  68  9:06  Assimilator  
  70  9:11  Immortal  
  63  9:48  Zealot  
Tags
 
Add a new tag
Caveats
  • Supply blocks, unpowered buildings, or Contaminate may cause inaccurate times.
  • Supply counts are checked every 10 seconds.